Cogmind - Beta 14 @@@ ROGUE MODE // 2024.08.31 @ 22:38:40 Player: grhkm Result: Core destroyed Performance ------------- Evolutions (2) 1000 Regions Visited (4) 800 Robots Destroyed (30) 150 Value Destroyed (1071) 1071 Prototype IDs (3) 60 Alien Tech Used (0) 0 Bonus (119) 119 TOTAL SCORE: 3200 Bonus ------- High Alert Combat Kills 44 Follower Combat Kills 75 Cogmind --------- Core Integrity 0/550 Matter 250/300 Energy 100/100 System Corruption 0% Temperature Cool (0) Movement Core (50) Location -8/Materials Parts ------- > --- POWER (1) -------- (None) > --- PROPULSION (4) --- (None) > --- UTILITY (4) ------ Improved Heat Sink Improved Propulsion Shielding > --- WEAPON (2) ------- (None) > --- INVENTORY (5) ---- Wheel Peak State ------------ > --- POWER ------------ Ion Engine > --- PROPULSION ------- Aluminum Leg Aluminum Leg Aluminum Leg > --- UTILITY ---------- Small Storage Unit Small Matter Pod Weight Redist. System Shield Generator > --- WEAPON ----------- Heavy Assault Rifle Mini Grenade Launcher > --- INVENTORY -------- Heavy Ion Engine Aluminum Leg Wheel Improved Medium Laser Improved Medium Laser Light EM Pulse Cannon [Rating: 15] Favorites ----------- Power Ion Engine Engine Ion Engine Propulsion Aluminum Leg Leg Aluminum Leg Wheel Wheel Flight Unit Improved Flight Unit Utility Small Storage Unit Device Seismic Detector Storage Small Storage Unit Protection Improved Propulsion Shielding Weapon Assault Rifle Energy Gun Improved Medium Laser Energy Cannon Light EM Pulse Cannon Ballistic Gun Assault Rifle Launcher Mini Grenade Launcher Special Weapon Mining Laser Impact Weapon Hammer Build | -11 -10 -10 -9 -8 ------- Run | Yrd Mat Min Mat Mat Slots Evolved 4 | . . . 2 2 Power . | . . . . . Propulsion 2 | . . . 1 1 Utility 2 | . . . 1 1 Weapon . | . . . . . Parts Attached 47 | 6 5 1 21 14 Power 5 | 1 . . 3 1 Engine 5 | 1 . . 3 1 Core . | . . . . . Reactor . | . . . . . Propulsion 18 | 2 2 1 9 4 Treads . | . . . . . Leg 16 | 2 2 1 9 2 Wheel 1 | . . . . 1 Hover . | . . . . . Flight 1 | . . . . 1 Utility 9 | 1 3 . 2 3 Device 4 | . 1 . 1 2 Storage 4 | 1 2 . 1 . Processor . | . . . . . Hackware . | . . . . . Protection 1 | . . . . 1 Artifact . | . . . . . Weapon 15 | 2 . . 7 6 Energy Gun 5 | . . . 2 3 Energy Cannon 1 | . . . . 1 Ballistic Gun 5 | 2 . . 2 1 Ballistic Cannon . | . . . . . Launcher 1 | . . . . 1 Special Weapon 1 | . . . 1 . Impact Weapon 2 | . . . 2 . Slashing Weapon . | . . . . . Piercing Weapon . | . . . . . Special Melee Weapon . | . . . . . Unidentified Prototypes 3 | . . . . 3 Parts Lost 29 | . 1 . 10 18 Power 3 | . . . 1 2 Propulsion 10 | . 1 . 3 6 Utility 5 | . . . 1 4 Weapon 11 | . . . 5 6 Highest Loss Streak 9 | . 1 . 7 9 To Critical Strikes . | . . . . . Average Slot Usage (%) 76 | . 91 100 78 47 Engine 9 | . 14 14 9 4 Leg 23 | . 26 28 25 12 Device 8 | . 7 14 9 6 Storage 13 | . 14 14 15 11 Energy Gun 1 | . . . 2 3 Ballistic Gun 14 | . 28 28 11 2 Impact Weapon 2 | . . . 5 . Peak Build Rating 15 | 6 7 7 13 15 Average Rating 7 | 5 6 7 8 9 On Entrance 6 | . 6 7 7 13 Naked Turns . | . . . . . Heaviest Build 17 | 13 14 14 16 17 Greatest Support 36 | 20 20 20 36 36 Greatest Overweight (x) 4 | 3 1 . . 4 Average Overweight (x) . | . . . . . Largest Inventory Capacity 25 | 8 25 8 8 8 Average Capacity 8 | 7 8 8 8 7 Most Carried 8 | . 2 4 8 7 Average Carried 2 | . . 3 3 4 Final Capacity 8 | 8 8 8 8 5 Final Carried 6 | . 2 4 6 1 Class Distribution -------------------- 81% | Mutant 18% | Scavenger-Mutant Dominant Class ---------------- Mutant | -10/Materials Mutant | -10/Mines Mutant | -9/Materials Mutant | -8/Materials Resources | -11 -10 -10 -9 -8 ----------- Run | Yrd Mat Min Mat Mat Matter Collected 864 | 123 187 84 390 80 Remotely . | . . . . . Salvage Created 1169 | . 187 43 550 389 Parts 65 | . 8 2 33 22 Haulers Intercepted 1 | . . . 1 . Recyclers Shooed 1 | . . . . 1 Parts Field Recycled . | . . . . . Retrieved Matter . | . . . . . Parts Self-Destructed . | . . . . . Prevented . | . . . . . Kills | -11 -10 -10 -9 -8 ------- Run | Yrd Mat Min Mat Mat Combat Hostiles Destroyed 25 | . 4 1 10 10 Guns 17 | . 4 1 10 2 Cannons 1 | . . . . 1 AOE 7 | . . . . 7 Classes Destroyed 9 | . 1 . 8 . Worker 1 | . . . 1 . Hauler 1 | . . . 1 . Recycler 1 | . . . 1 . Mechanic 1 | . . . 1 . Watcher 1 | . . . 1 . Swarmer 2 | . . . 2 . Grunt 15 | . 4 1 6 4 Brawler 2 | . . . 1 1 Sentry 6 | . . . 1 5 Best Kill Streak 6 | . 2 1 6 3 Combat Bots Only 4 | . 2 1 4 3 Max Kills in Single Turn 2 | . 1 1 1 2 Gunslinging . | . . . . . Exploded 2 | . . . . 2 Melee . | . . . . . Uniques/NPCs Destroyed . | . . . . . Combat | -11 -10 -10 -9 -8 -------- Run | Yrd Mat Min Mat Mat Hostile Shots Fired 340 | . 29 13 120 178 Missed 106 | . 4 5 40 57 Damage Taken 3240 | . 315 110 959 1856 Core 853 | . 59 29 209 556 Absorbed by Shields 46 | . . . . 46 Core Remaining (%) 70 | 100 . 64 47 . Volleys Fired 144 | . 25 6 80 33 Largest 2 | . 2 2 2 2 Hottest 112 | . 40 40 65 112 Shots Fired 195 | . 50 12 91 42 Gun 186 | . 50 12 91 33 Cannon 2 | . . . . 2 Launcher 7 | . . . . 7 Special . | . . . . . Kinetic 139 | . 50 12 63 14 Thermal 34 | . . . 15 19 Explosive 7 | . . . . 7 Electromagnetic 15 | . . . 13 2 Robot Hit Streak 10 | . 6 7 7 10 Robot Miss Streak 3 | . 3 2 3 2 Penetration Max . | . . . . . Secondary Targets 2 | . 1 . 1 . Max Gunslinging Chain 1 | . 1 . 1 . Shots Hit Robots 129 | . 30 9 59 31 Core Hits 70 | . 11 3 29 27 Critical Kills . | . . . . . Critical Parts Destroyed . | . . . . . Critical Strikes . | . . . . . Melee Attacks 3 | . . . 3 . Impact 3 | . . . 3 . Slashing . | . . . . . Piercing . | . . . . . Sneak Attacks 2 | . . . 2 . Combat Hostiles . | . . . . . Follow-up Attacks . | . . . . . Damage Inflicted 2299 | . 326 99 839 1035 Guns 1496 | . 326 99 694 377 Cannons 20 | . . . . 20 Explosions 627 | . . . . 627 Melee 143 | . . . 143 . Ramming 13 | . . . 2 11 Kinetic 964 | . 326 99 420 119 Thermal 595 | . . . 133 462 Explosive 423 | . . . . 423 Electromagnetic 161 | . . . 141 20 Impact 143 | . . . 143 . Slashing . | . . . . . Piercing . | . . . . . Highest Corruption . | . . . . . Average Corruption . | . . . . . Corruption Purged . | . . . . . Corruption Blocked . | . . . . . Overload Shots . | . . . . . Overflow Damage 131 | . . . . 131 Projectiles . | . . . . . Explosions 131 | . . . . 131 Melee . | . . . . . Knockbacks 1 | . . . 1 . Impact 1 | . . . 1 . Kinetic . | . . . . . Secondary . | . . . . . Self-Inflicted Damage 291 | . . . . 291 Shots 5 | . . . . 5 Rammed 7 | . . . . 7 Targets Rammed 8 | . . . 1 7 Kicked 1 | . . . 1 . Crushed . | . . . . . Highest Temperature 66 | . 18 18 20 66 Average Temperature 17 | . 9 10 6 33 Received Heat Transfer 1122 | . 177 63 426 456 Siege Activations . | . . . . . Robots Corrupted . | . . . . . Combat Hostiles . | . . . . . Parts Fried . | . . . . . Impact Corruptions . | . . . . . Robots Melted . | . . . . . Combat Hostiles . | . . . . . Parts Melted 1 | . . . 1 . Heat Transferred 1005 | . . . 300 705 Parts Sabotaged . | . . . . . Parts Stolen . | . . . . . Parts Stripped . | . . . . . Power Chain Reactions . | . . . . . Alert | -11 -10 -10 -9 -8 ------- Run | Yrd Mat Min Mat Mat Peak Influence 436 | . 105 70 214 436 Initial 73 | . . 40 27 73 Average 119 | . 63 65 82 308 Maximum Alert Level 2 | . . . 1 2 Low Security (%) 84 | 100 100 100 99 27 Level 1 6 | . . . . 27 Level 2 9 | . . . . 45 Level 3 . | . . . . . Level 4 . | . . . . . Level 5 . | . . . . . High Security . | . . . . . Max Security . | . . . . . Squads Dispatched 4 | . 1 . 2 1 Investigation 3 | . 1 . 2 . Extermination . | . . . . . Reinforcement 1 | . . . . 1 Assault . | . . . . . Garrison . | . . . . . Intercept . | . . . . . Searches Triggered . | . . . . . Construction Impeded . | . . . . . Haulers Reinforced . | . . . . . Active Scanning Responses . | . . . . . Cargo Convoy Interrupts . | . . . . . Stealth | -11 -10 -10 -9 -8 --------- Run | Yrd Mat Min Mat Mat Distress Signals 2 | . . . 2 . Communications Jammed . | . . . . . Distress Signals . | . . . . . Times Spotted 48 | . 8 2 24 14 Peak Tracking Total 7 | . 2 2 5 7 Tactical Retreats 4 | . 1 . 1 2 Traps | -11 -10 -10 -9 -8 ------- Run | Yrd Mat Min Mat Mat Traps Triggered 1 | . . . 1 . Indirectly . | . . . . . Trap Hack Attempts . | . . . . . Triggered . | . . . . . Disarmed . | . . . . . Reprogrammed . | . . . . . Reused . | . . . . . Traps Extracted . | . . . . . Installed . | . . . . . Triggered . | . . . . . Machines | -11 -10 -10 -9 -8 ---------- Run | Yrd Mat Min Mat Mat Machines Disabled 7 | . . . 1 6 Max in Single Turn 3 | . . . 1 3 Machines Repaired . | . . . . . Machines Dismantled . | . . . . . Machines Sabotaged . | . . . . . Overloaded Fab Kills . | . . . . . Hacking | -11 -10 -10 -9 -8 --------- Run | Yrd Mat Min Mat Mat Machines Accessed 4 | . 2 . 2 . Terminals 3 | . 1 . 2 . Fabricators . | . . . . . Repair Stations . | . . . . . Recycling Units 1 | . 1 . . . Scanalyzers . | . . . . . Garrison Access . | . . . . . Total Hacks 9 | . 5 . 4 . Successful 5 | . 2 . 3 . Failed 4 | . 3 . 1 . Catastrophic . | . . . . . Database Lockouts . | . . . . . Manual . | . . . . . Terminals 6 | . 2 . 4 . Fabricators . | . . . . . Repair Stations . | . . . . . Recycling Units 3 | . 3 . . . Scanalyzers . | . . . . . Garrison Access . | . . . . . Terminal Hacks 4 | . 1 . 3 . Record 4 | . 1 . 3 . Fabricator Hacks . | . . . . . Repair Station Hacks . | . . . . . Recycling Unit Hacks 1 | . 1 . . . Retrieve Matter 1 | . 1 . . . Scanalyzer . | . . . . . Garrison Access Hacks . | . . . . . Unauthorized Hacks . | . . . . . Terminals . | . . . . . Fabricators . | . . . . . Repair Stations . | . . . . . Recycling Units . | . . . . . Scanalyzers . | . . . . . Garrison Access . | . . . . . Data Cores Recovered . | . . . . . Used . | . . . . . Hacking Detections 2 | . 1 . 1 . Full Trace Events 2 | . 1 . 1 . Feedback Events . | . . . . . Feedback Blocked . | . . . . . Robot Schematics Acquired . | . . . . . Robots Built . | . . . . . Authchips . | . . . . . Time . | . . . . . Total Robot Build Rating . | . . . . . Part Schematics Acquired . | . . . . . Parts Built . | . . . . . Authchips . | . . . . . Time . | . . . . . Total Part Build Rating . | . . . . . Parts Repaired . | . . . . . Time . | . . . . . Parts Recycled . | . . . . . Recycled Matter . | . . . . . Retrieved Matter . | . . . . . Retrieved Components . | . . . . . Parts Scanalyzed . | . . . . . Part Schematics Acquired . | . . . . . Parts Damaged . | . . . . . Bothacking | -11 -10 -10 -9 -8 ------------ Run | Yrd Mat Min Mat Mat Used RIF Installer . | . . . . . Robots Hacked . | . . . . . Non-combat . | . . . . . Combat . | . . . . . Robot Hacks Applied . | . . . . . Relay Couplers Released . | . . . . . Fabnet Peak Effective % . | . . . . . Robots Rewired . | . . . . . Allies Hacked . | . . . . . Hacks Repelled . | . . . . . Allies | -11 -10 -10 -9 -8 -------- Run | Yrd Mat Min Mat Mat Total Allies 2 | . . 2 . . Largest Group 2 | . . 2 2 . Highest-Rated Group 53 | . . 53 53 . Highest-Rated Ally 31 | . . 31 31 . Total Orders . | . . . . . Ally Attacks 18 | . . . 18 . Total Damage 235 | . . . 235 . Kills 3 | . . . 3 . Allies Corrupted . | . . . . . Allies Melted . | . . . . . Intel | -11 -10 -10 -9 -8 ------- Run | Yrd Mat Min Mat Mat Robot Analysis Total . | . . . . . Derelict Logs Recovered . | . . . . . Drone Launches . | . . . . . Drone Recoveries . | . . . . . Exploration | -11 -10 -10 -9 -8 ------------- Run | Yrd Mat Min Mat Mat Turns Passed 1696 | 119 316 173 726 362 Spaces Moved 999 | 83 191 127 421 177 Core 42 | 10 . . . 32 Treads . | . . . . . Legs 920 | 73 191 127 421 108 Wheels . | . . . . . Hover . | . . . . . Flight 37 | . . . . 37 Fastest Speed 50 | 50 120 120 120 120 Average Speed 124 | 132 121 120 120 140 Slowest Speed 250 | 200 190 120 120 250 Overloaded Moves . | . . . . . Propulsion Burnouts . | . . . . . Robots Hopped . | . . . . . Cave-ins Triggered . | . . . . . Exploration Rate (%) 25 | 6 43 29 29 20 Regions Visited 4 Branch Regions 1 Pre-discovered Areas . | . . . . . Known Exits Taken . | . . . . . Unknown Exits Taken 4 | 1 1 1 1 . Scrap Searched . | . . . . . Spaces Dug . | . . . . . Terrain Destroyed 113 | . . . . 113 Melee . | . . . . . Projectile . | . . . . . AOE 113 | . . . . 113 Terrain Rammed . | . . . . . Walls Destroyed . | . . . . . Machines Disabled . | . . . . . Actions | -11 -10 -10 -9 -8 --------- Run | Yrd Mat Min Mat Mat Total 1246 | 88 230 136 549 243 Wait 24 | . 6 2 9 7 Move 995 | 82 190 126 420 177 Hop . | . . . . . Pick Up 10 | . 1 1 6 2 Fast Attach 23 | 6 3 . 8 6 Attach 12 | . 1 . 4 7 Detach 4 | . 2 . . 2 Swap 12 | . 1 1 9 1 Drop 12 | . 1 . 9 2 Fire 144 | . 25 6 80 33 Melee 3 | . . . 3 . Ram 6 | . . . . 6 Kick 1 | . . . 1 . Crush . | . . . . . Escape Stasis . | . . . . . Rewire . | . . . . . Trap . | . . . . . Miscellaneous . | . . . . . Route ------- -11/Scrapyard -10/Materials (discovered 3 exits: *Mat x2 / [*Min]) -10/Mines -9/Materials -8/Materials History --------- Turn | Location | Event 11 | -11/Scrapyard | Discovered new exit (range 16) 120 | -11/Scrapyard | Entered Materials 248 | -10/Materials | Discovered new exit (range 16) 308 | -10/Materials | Build established: Mutant 315 | -10/Materials | Discovered new exit (range 16) 394 | -10/Materials | Discovered new exit (range 9) 436 | -10/Materials | Entered Mines 441 | -10/Mines | Met a Derelict bent on vengeance 586 | -10/Mines | Discovered new exit (range 8) 609 | -10/Mines | Entered Materials 609 | -9/Materials | Accompanied by 2 allies 609 | -9/Materials | Evolved 2 slots: Propulsion x1, Utility x1 614 | -9/Materials | Led the pair of lost Derelicts to an unsafe place 1008 | -9/Materials | Lost 7 parts (1p1n1u4w) 1158 | -9/Materials | Discovered new exit (range 12) 1273 | -9/Materials | Core integrity fell below 50% 1335 | -9/Materials | Entered another Materials area 1335 | -8/Materials | Evolved 2 slots: Propulsion x1, Utility x1 1470 | -8/Materials | Lost 5 parts (1p1n2u1w) 1563 | -8/Materials | Core integrity fell below 50% 1590 | -8/Materials | Lost 9 parts (4n1u4w) 1641 | -8/Materials | Core integrity fell below 20% 1694 | -8/Materials | Lost 3 parts (1p1n1w) 1697 | -8/Materials | Core destroyed Last Messages --------------- Critical hit (Burn: +37). Imp. Flight Unit destroyed. Critical hit (Burn: +37). Y-45 Defender destroyed. Slug penetrates Wall. K-01 Serf collects debris. Penetrated by Slug. Assault Rifle destroyed. M-13 Machinist repairs H-55 Commando. Acquired Imp. Propulsion Shielding. Hvy. Ion Engine destroyed. Slug penetrates Wall. Acquired Imp. Heat Sink. Slammed into H-55 Commando. Penetrated by Slug. Slammed into H-55 Commando. Sml. Storage Unit destroyed. Slammed into H-55 Commando. Slammed into M-13 Machinist. Destabilizing: Core damaged (-11). Map ----- +----------------------------------------------------+ | ?????????????????????????????????? | | ?????????????????????????????????? | | ?????????????????????????????????? | | ?????????????????????????????????? | | ?????????????????????????????????? | | ?????????????????????????????????? | | ?????????????????????????????????? | | ?????????????????????????????????? | | ?????????????????????????????????? | | ?????????????????????????????????? | | ?????????????????????????????????? | | ?????????????????????????????????? | | ?????????????????????????????????? | | ?????????????????????????????????? | | ?????????????????????????????????? | | ?????????????????????????????????? | | ?????????????????????????????????? | | ????###########??????????????????? | | ????# #??????????????????? | | ????# #??????????????????? | | ????# #??????????????????? | | ????# #??????????????????? | | ????# """ """ #??????????????????? | | ????# """ """ ##+#???????????????? | | ????# """ """ ## #?###########???? | | ????# h@ ## #?# #???? | | ????#####m###### #?# #???? | | ??????# ### """ #???? | | ??????# # """ "" #???? | | ? """ !%* + """ """ ##### | | ? """ # T! # + # | | ? """ # ## ### # | | ??"""?## ## #?# # | | ?? ???# ############?# | | ??"????# ###?#?######## # | | ???????# # | | ???????# #T# #? ?######## # | | ???????# ### #? ?????## # | | ???????# #?#!!]]!!## ?????# | | ???????# #?#!!]]!!## #????# | | ???????# ########### #??### # | | ???????# # ## #### # | | ???????# #+## % | | ???????# # | | ???????# ==# " | | ???????# # = " | | ???????# %! "" | | ???????# = # | | ???????# | | ???????# | +----------------------------------------------------+ Best States ------------- Heat Dissipation 45 Energy Generation 14 Energy Capacity 280 Matter Stores 350 Matter Capacity 350 Sight Range 16 Terrain Scan Density 10 Additional Mass Support 6 Propulsion Shielding 66 Evasion (%) 55 Item Schematics ----------------- None Robot Schematics ------------------ None Fabricated ------------ Nothing Alien Tech Used ----------------- None Achievements -------------- One Hack Too Far Risk Taker Challenges ------------ None Game ------ Seed ProtonGrapheneFocus Manual? 0 Play Time 00:23:45 Cumulative 1.2 hours Start 2024.08.31 @ 22:16:09 End 2024.08.31 @ 22:38:40 Sessions 1 Manual Loads 0 Difficulty Rogue Special Mode None Game No. 4 Rogue 4 Adventurer 0 Explorer 0 Win Type - Total 0 Types 0/0/0/0/0/0/0/0/0 Lore% 0 Gallery% 3 Achievement% 3 Wizard Run 0 Options --------- Layout 1 ASCII 1 Keyboard 1 Movement Arrows Keybinds 0 Fullscreen 1 Font 16/SmallcapsGlow Map View 50x40 Zoom Use 0% Tactical HUD 0 Map Filters NONE Filters NONE Steam 1 RUN: 96f7195f-49fe-4242-aab9-b1ae55749389